 Dungeon Sprint DCSS version 0.29.1-1-gd02db6906a (webtiles) character file.

Game seed: 2322939982313010010

9098 Groucho the Unseen (level 11, -6/58 HPs)
             Began as a Spriggan Enchanter on Sept 28, 2022.
             Was a High Priest of Dithmenos.
             Killed from afar by Roxanne (64 damage)
             ... with a crystal spear
             ... in the Dungeon (Sprint II: "The Violet Keep of Menkaure").
             The game lasted 00:12:02 (1212 turns).

Groucho the Unseen (Spriggan Enchanter)             Turns: 1212, Time: 00:12:02

Health: -6/58      AC:  2    Str:  8    XL:     11   Next: 18%
Magic:  28/30      EV: 27    Int: 17    God:    Dithmenos [*****.]
Gold:   874        SH:  0    Dex: 16    Spells: 27/38 levels left

rFire   . . .      SeeInvis +   a - +1 dagger
rCold   . . .      Faith    .   (no shield)
rNeg    . . .      Spirit   .   b - +0 robe
rPois   +          Reflect  .   (helmet restricted)
rElec   .          Harm     .   (no cloak)
rCorr   .          Rampage  .   (gloves unavailable)
Will    +....      NoTele   +   (boots unavailable) Stlth ***+++++++
                                (no amulet)
HPRegen 0.19/turn               j - ring of flight
MPRegen 0.22/turn               k - ring of poison resistance

@: flying, wreathed by umbra, very quick
A: very small, no large weapons, unfitting armour, see invisible, speed 3
a: Renounce Religion, Shadow Step, Shadow Form


You were in the Dungeon.
You worshipped Dithmenos.
Dithmenos was extremely pleased with you.
You visited 1 branch You collected 1637 gold pieces.
You spent 763 gold pieces at shops.

Inventory:

Hand Weapons
 a - a +1 dagger (weapon)
Missiles
 l - 3 poisoned darts (quivered)
 m - 25 stones
Armour
 b - a +0 robe (worn)
Jewellery
 j - a ring of flight (left hand)
 k - a ring of poison resistance (right hand)
Scrolls
 f - 3 scrolls of immolation {unknown}
 i - 6 scrolls of blinking
 p - 2 scrolls of fear {unknown}
 r - 4 scrolls of identify {unknown}
 s - a scroll of brand weapon {unknown}
 t - a scroll of butterflies {unknown}
 u - a scroll of amnesia {unknown}
Potions
 c - 2 potions of invisibility
 d - a potion of curing
 e - 3 potions of heal wounds
 g - 7 potions of magic
 h - a potion of berserk rage
 n - a potion of brilliance {unknown}
 o - 2 potions of ambrosia {unknown}
 q - a potion of lignification {unknown}
 v - a potion of attraction {unknown}
 w - a potion of mutation {unknown}
 x - 3 potions of resistance {unknown}
 z - 3 potions of flight {unknown}
 A - a potion of degeneration {unknown}


   Skills:
 + Level 6.9 Fighting
 * Level 10.4 Short Blades
 * Level 15.4 Dodging
 - Level 20.9 Stealth
 * Level 14.2 Spellcasting
 * Level 14.4 Hexes
 + Level 4.1 Invocations


You had 27 spell levels left.
You knew the following spells:

 Your Spells              Type           Power      Damage    Failure   Level
a - Ensorcelled Hibernat  Hex/Ice        72%        N/A       1%          2
b - Confusing Touch       Hex            57%        N/A       1%          3
c - Dazzling Flash        Conj/Hex       72%        N/A       1%          3
d - Tukima's Dance        Hex            57%        N/A       1%          3

Your spell library contained the following spells:

 Spells                   Type           Power      Damage    Failure   Level
 Gell's Gravitas          Tloc           12%        N/A       17%         3
 Lesser Beckoning         Tloc           12%        N/A       17%         3
 Teleport Other           Tloc           12%        N/A       17%         3


Dungeon Overview and Level Annotations

Branches:
Dungeon (1/1)

Altars:
Cheibriados
Dithmenos
Elyvilon
Fedhas
Gozag
Hepliaklqana
Kikubaaqudgha
Makhleb
Nemelex Xobeh
Okawaru
Qazlal
Ru
Sif Muna
Trog
Uskayaw
Vehumet
Wu Jian
Xom
Yredelemnul
Zin
The Shining One
Jiyva
Lugonu

Shops:
D :[(?![:*[?=(!==

Annotations:
D exclusion: oklob plant, Roxanne


Innate Abilities, Weirdness & Mutations

You are very small and have problems with some larger weapons.
You are too small for most types of armour.
You have supernaturally acute eyesight. (SInv)
You cover ground extremely quickly. (Speed+++)


Message History

You hit Roxanne but do no damage.
Roxanne is moderately damaged.
You hit Roxanne but do no damage.
Roxanne is moderately damaged.
You hit Roxanne but do no damage.
Roxanne is moderately damaged.
Your shadow hits Roxanne but does no damage.
You hit Roxanne but do no damage.
Roxanne is moderately damaged.
Casting: Ensorcelled Hibernation (safe; 1% risk of failure)
Confirm with . or Enter, or press ? or * to list all spells.
Your hands begin to glow red.
You hit Roxanne but do no damage.
Roxanne is completely immune to your confusing touch!
Roxanne is moderately damaged.
Your hands stop glowing.
You hit Roxanne but do no damage.
Roxanne is moderately damaged.
You hit Roxanne but do no damage.
Roxanne is moderately damaged.
Roxanne casts a spell.
The bolt of magma misses you.
You hit Roxanne but do no damage.
Roxanne is moderately damaged.
You hit Roxanne.
Roxanne is moderately damaged.
You hit Roxanne. You punch Roxanne, but do no damage.
Roxanne is moderately damaged.
Your shadow hits Roxanne but does no damage.
You hit Roxanne but do no damage.
Roxanne is moderately damaged.
You hit Roxanne.
Roxanne is moderately damaged.
Your shadow hits Roxanne but does no damage.
You hit Roxanne but do no damage.
Roxanne is moderately damaged.
Roxanne mumbles some strange words.
The crystal spear hits you!!!
Ouch! That really hurt!
You die...

#+++#+++#~§≈§§≈§≈~#_._._._.#§~
#°§≈S≈≈°##≈≈≈###§≈#._._._._#§†
§≈§°§§○§≈##§≈#}#≈≈#_._._._.#§~
+§≈≈S°°S≈°≈≈+≈§#'#≈≈#..._._._#~§
##§≈≈≈≈°≈≈°##§§≈≈≈≈§##########~§
##≈≈≈S≈°°###########~~~~~~~~§§§
####+####§§§§§~.###~########§▓
##~§§§§§§~§##~# #▓▓
+~~.~~8@§§§§'~# ##~~~§§§§§.####
##~§§§§§§## ######### +33 ###


You could see Roxanne and 2 sixfirhies.

Vanquished Creatures
  A deep elf master archer (D)
  A kraken (D)
  2 sphinxes (D)
  A death yak (D)
  2 deep trolls (D)
  A merfolk siren (D)
  A yaktaur (D)
  3 polar bears (D)
  A hornet (D)
  4 wyverns (D)
  3 yaks (D)
  5 water moccasins (D)
  4 necrophages (D)
  5 scorpions (D)
34 creatures vanquished.

Vanquished Creatures (others)
  Menkaure (D)
  22 tentacles (D)
23 creatures vanquished.

Grand Total: 57 creatures vanquished

Notes
Turn   | Place    | Note
-------+----------+-------------------------------------------
     0 | D        | Groucho the Spriggan Enchanter began the quest for the Orb.
     0 | D        | Reached XP level 1. HP: 9/9 MP: 5/5
     1 | D        | Noticed a scorpion
     1 | D        | Noticed a scorpion
     3 | D        | Noticed a scorpion
     3 | D        | Noticed a scorpion
     4 | D        | Killed a scorpion
     5 | D        | Reached skill level 12 in Stealth
     5 | D        | Reached XP level 2. HP: 13/13 MP: 6/6
     5 | D        | Reached XP level 3. HP: 16/16 MP: 8/8
     6 | D        | Killed a scorpion
     7 | D        | Reached skill level 15 in Stealth
     7 | D        | Reached XP level 4. HP: 21/21 MP: 9/9
     8 | D        | Killed a scorpion
     9 | D        | Reached skill level 1 in Fighting
     9 | D        | Reached XP level 5. HP: 25/25 MP: 9/11
    32 | D        | Reached skill level 5 in Dodging
    32 | D        | Reached skill level 5 in Hexes
    36 | D        | Noticed a merfolk siren
    39 | D        | Killed a merfolk siren
    40 | D        | Reached skill level 17 in Stealth
    40 | D        | Reached XP level 6. HP: 13/32 MP: 12/17
    40 | D        | Reached XP level 7. HP: 14/35 MP: 12/18
    65 | D        | Killed Menkaure
   388 | D        | Noticed a wyvern
   388 | D        | Noticed a wyvern
   397 | D        | Found Rufyisk's Jewellery Emporium.
   398 | D        | Found Kiraq's Magic Scroll Shoppe.
   398 | D        | Found Cebbus's Antique Armour Emporium.
   398 | D        | Found Xatar's Distillery.
   398 | D        | Found Comiuzoupn's General Store.
   398 | D        | Found Vetaos's Magic Scroll Emporium.
   398 | D        | Found Muneirch's Distillery.
   398 | D        | Found Otezadwus's Book Emporium.
   398 | D        | Found Ziv Yku's Jewellery Shoppe.
   398 | D        | Found Daefouh's Jewellery Emporium.
   412 | D        | Learned a level 2 spell: Ensorcelled Hibernation
   416 | D        | Learned a level 3 spell: Confusing Touch
   420 | D        | Learned a level 3 spell: Dazzling Flash
   424 | D        | Learned a level 3 spell: Tukima's Dance
   434 | D        | Killed a wyvern
   435 | D        | Reached skill level 5 in Short Blades
   441 | D        | Killed a wyvern
   442 | D        | Reached skill level 18 in Stealth
   442 | D        | Reached XP level 8. HP: 21/42 MP: 12/21
   598 | D        | Found Qinwaczeod's Weapon Shoppe.
   598 | D        | Found Xiekog's Antique Armour Emporium.
   599 | D        | Found Reggyon's Antique Weapon Shoppe.
   599 | D        | Found Zaux's Antique Armour Emporium.
   612 | D        | Noticed an oklob plant
   613 | D        | Found Pewuf's Book Shoppe.
   616 | D        | Bought a ring of flight for 227 gold pieces
   633 | D        | Noticed a slime creature
   652 | D        | Bought a ring of poison resistance for 200 gold pieces
   681 | D        | Found a stormy altar of Qazlal.
   682 | D        | Found a hazy altar of Hepliaklqana.
   682 | D        | Found a sacrificial altar of Ru.
   682 | D        | Found an ornate altar of the Wu Jian Council.
   683 | D        | Found a viscous altar of Jiyva.
   683 | D        | Found a shimmering blue altar of Sif Muna.
   684 | D        | Found a snail-covered altar of Cheibriados.
   684 | D        | Found an ancient bone altar of Kikubaaqudgha.
   684 | D        | Found a shimmering altar of Xom.
   684 | D        | Found a bloodstained altar of Trog.
   687 | D        | Found a shadowy altar of Dithmenos.
   687 | D        | Found a corrupted altar of Lugonu.
   688 | D        | Found a white marble altar of Elyvilon.
   688 | D        | Found a burning altar of Makhleb.
   689 | D        | Found a blossoming altar of Fedhas.
   691 | D        | Found an opulent altar of Gozag.
   691 | D        | Found a glowing golden altar of the Shining One.
   691 | D        | Found a basalt altar of Yredelemnul.
   691 | D        | Found a hide-covered altar of Uskayaw.
   691 | D        | Found a sparkling altar of Nemelex Xobeh.
   691 | D        | Noticed a hornet
   691 | D        | Noticed a polar bear
   692 | D        | Found a glowing silver altar of Zin.
   692 | D        | Found a radiant altar of Vehumet.
   692 | D        | Found an iron altar of Okawaru.
   692 | D        | Noticed a yaktaur
   692 | D        | Noticed a polar bear
   699 | D        | Became a worshipper of Dithmenos the Shadowed
   702 | D        | Noticed a polar bear
   709 | D        | Killed a polar bear
   712 | D        | Killed a yaktaur
   713 | D        | Reached skill level 10 in Dodging
   714 | D        | Killed a hornet
   714 | D        | Reached * piety under Dithmenos
   715 | D        | Reached skill level 10 in Hexes
   719 | D        | Killed a polar bear
   720 | D        | Reached skill level 19 in Stealth
   720 | D        | Reached skill level 10 in Spellcasting
   724 | D        | Killed a polar bear
   725 | D        | Reached XP level 9. HP: 31/46 MP: 20/24
   738 | D        | Reached ** piety under Dithmenos
   742 | D        | Reached skill level 5 in Fighting
   756 | D        | Reached *** piety under Dithmenos
   762 | D        | Noticed a deep elf master archer
   765 | D        | Killed a deep elf master archer
   766 | D        | Reached skill level 20 in Stealth
   766 | D        | Reached XP level 10. HP: 39/52 MP: 25/27
   768 | D        | Noticed a death yak
   771 | D        | Killed a death yak
   829 | D        | Bought a potion of invisibility for 112 gold pieces
   829 | D        | Bought a potion of invisibility for 112 gold pieces
   829 | D        | Bought a potion of invisibility for 112 gold pieces
   844 | D        | Reached **** piety under Dithmenos
   877 | D        | Noticed Roxanne
   903 | D        | Noticed a kraken
   941 | D        | Killed a kraken
   942 | D        | Reached skill level 1 in Invocations
  1093 | D        | Noticed a deep troll
  1094 | D        | Noticed a deep troll
  1104 | D        | Killed a deep troll
  1104 | D        | Reached ***** piety under Dithmenos
  1108 | D        | Killed a deep troll
  1135 | D        | Noticed a sphinx
  1136 | D        | Noticed a sphinx
  1138 | D        | Killed a sphinx
  1139 | D        | Reached skill level 10 in Short Blades
  1139 | D        | Reached skill level 15 in Dodging
  1139 | D        | Reached XP level 11. HP: 58/58 MP: 22/29
  1140 | D        | Killed a sphinx
  1190 | D        | Noticed a sixfirhy
  1193 | D        | Noticed a sixfirhy
  1212 | D        | Killed from afar by Roxanne

Illustrated notes

Levels and vault maps discovered:
D:        the_violet_keep_of_menkaure [sprint2_stairs_cluster_1,
          sprint2_shoproom, sprint2_temple, sprint2_basic_supplies,
          sprint2_obstacle_5, sprint2_obstacle_6, sprint2_obstacle_3,
          sprint2_obstacle_7, sprint2_obstacle_2, sprint2_timed_cluster_1,
          sprint2_smallroom_cluster_1, sprint2_smallroom_final_cluster_1,
          sprint2_transparent_cluster_1, sprint2_second_timed_cluster_1,
          sprint2_sniper_area_1, sprint2_heavy_combat_area_1,
          sprint2_mutation_trap_area_1, sprint2_forest_area_1,
          sprint2_light_combat_area_1, sprint2_behind_water_1,
          sprint2_near_end_vault_1]

Skill      XL: |  1  2  3  4  5  6  7  8  9 10 11 |
---------------+----------------------------------+-----
Stealth        | 12 15 17 18 19 20 | 20.9
Fighting       | 1 2 3 4 5 6 |  6.9
Short Blades   | 2 4 5 6 7 10 | 10.4
Dodging        | 4 7 9 11 12 15 | 15.4
Spellcasting   | 3 7 8 10 12 13 14 | 14.2
Hexes          | 4 7 9 10 12 14 | 14.4
Invocations    | 3 4 |  4.1

Action                   |  1- 3 |  4- 6 |  7- 9 | 10-12 || total
-------------------------+-------+-------+-------+-------++-------
Melee: Dagger            |     2 |    21 |    32 |    52 ||   107
       Punch             |       |       |       |     1 ||     1
 Cast: Ensorcelled Hiber |       |       |     8 |     6 ||    14
       Confusing Touch   |       |       |       |     1 ||     1
  Use: Potion            |       |     1 |     2 |     1 ||     4
 Stab: Sleeping          |     2 |     2 |    14 |    10 ||    28
       Invisible         |       |     1 |     7 |     3 ||    11
       Distracted        |       |       |       |     1 ||     1
Armor: Robe              |       |     1 |     2 |       ||     3
Dodge: Dodged            |       |    15 |    18 |    25 ||    58
